 Dungeon Crawl Stone Soup version 0.31-a0-232-gb1c03b2570 (webtiles) character file.

Game seed: 5001961758886559329

224 qw the Shooter (level 6, -15/37 HPs)
             Began as a Gargoyle Hexslinger on July 7, 2023.
             Demolished by an ogre
             ... wielding a +0 giant club
              (29 damage)
             ... on level 4 of the Dungeon.
             The game lasted 00:01:06 (2110 turns).

qw the Shooter (Gargoyle Hexslinger)                Turns: 2110, Time: 00:01:07

Health: -15/37     AC: 11    Str: 12    XL:     6   Next: 0%
Magic:  7/7        EV: 10    Int: 13    God:
Gold:   95         SH:  0    Dex: 14    Spells: 6/7 levels left

rFire   . . .        Y - +2 sling (elec)
rCold   . . .        (no shield)
rNeg    + . .        d - +0 ring mail
rPois   inf          m - +0 helmet
rElec   +            (no cloak)
rCorr   .            h - +0 pair of gloves
SInv    .            (no boots)
Will    .....        (no amulet)
Stlth   +            (no ring)
HPRegen 0.26/turn    (no ring)
MPRegen 0.10/turn

%: no passive effects
@: no status effects
A: sickness immunity, AC +4, negative energy resistance 1, electricity
resistance, torment resistance 1, petrification resistance
a: no special abilities


You were on level 4 of the Dungeon.
You visited 1 branch of the dungeon, and saw 4 of its levels.

You collected 95 gold pieces.


Innate Abilities, Weirdness & Mutations

You are immune to sickness and miasma.
Your stone body is resilient. (AC +4)
You are immune to poison.
You resist negative energy. (rN+)
You are resistant to electric shocks. (rElec)
You are resistant to unholy torment.
You are immune to petrification.


   Skills:
 - Level 3.2 Fighting
 + Level 5.0 Ranged Weapons
 - Level 1.4 Armour
 - Level 1.5 Dodging
 - Level 1.0 Spellcasting
 - Level 2.6 Hexes


You had 6 spell levels left.
You knew the following spells:

 Your Spells              Type           Power      Damage    Failure   Level
a - Slow                  Hex            28%        N/A       21%         1

Your spell library contained the following spells:

 Spells                   Type           Power      Damage    Failure   Level
 Inner Flame              Hex/Fire       4%         N/A       71%         3
 Portal Projectile        Hex/Tloc       8%         N/A       71%         3
 Cause Fear               Hex            3%         N/A       90%         4

Inventory:

Hand Weapons
 Y - a +2 sling of electrocution (weapon)
Armour
 d - a +0 ring mail (worn)
 h - a +0 pair of gloves (worn)
 m - a +0 helmet (worn)
Jewellery
 b - a +6 ring of strength
Scrolls
 c - 3 scrolls of identify
 f - a scroll of teleportation {unknown}
Potions
 a - a potion of enlightenment
 e - a potion of curing
 g - a potion of might
 i - a potion of haste {unknown}
 k - a potion of degeneration {unknown}

Dungeon Overview and Level Annotations

Branches:
Dungeon (4/15)
 Temple: D:4-7

Altars:
Makhleb

Shops:
D:2 [


Message History

You shoot a sling bullet.
The sling bullet hits the scorpion but does no damage.
The scorpion is heavily wounded.
The scorpion stings you but does no damage.
You shoot a sling bullet.
The sling bullet closely misses the scorpion.
The scorpion barely misses you.
You shoot a sling bullet.
The sling bullet barely misses the scorpion.
The scorpion stings you but does no damage. x2
You shoot a sling bullet. The sling bullet hits the scorpion!
Lightning courses through the scorpion!
You kill the scorpion!
Your Fighting skill increases to level 3!
You have reached level 6!
You start resting.
HP restored.
c - 2 scrolls of identify (gained 1)
c - 3 scrolls of identify (gained 1)
There is an escape hatch in the ceiling here.
You now have 95 gold pieces (gained 12).
An ogre comes into view. It is wielding a +0 giant club.
Enter note: You shoot a sling bullet.
The sling bullet hits the ogre.
The ogre is lightly wounded.
You shoot a sling bullet. The sling bullet hits the ogre.
The ogre is moderately wounded.
You shoot a sling bullet. The sling bullet hits the ogre.
The ogre is heavily wounded.
You shoot a sling bullet. The sling bullet hits the ogre.
The ogre is severely wounded.
You shoot a sling bullet. The sling bullet hits the ogre.
The ogre is severely wounded.
The ogre hits you with a +0 giant club!!
Ouch! That really hurt!
You shoot a sling bullet.
The sling bullet barely misses the ogre.
The ogre hits you with a +0 giant club!!
Ouch! That really hurt!
You die...

#.# #..# #......#.
#.# #..# ######...
#.# #..# ##..
######.###..# #.#
#........%..## #.#
##.##..........#
#.#
.......<.###.#.#
#.#
.#.#.#..####.#.###
#.#
#...#...@O..?...
...
##.#########.###
### #. .# # #


You could see an ogre.

Vanquished Creatures
  A scorpion (D:4)
  A howler monkey (D:3)
  6 adders
  2 worms (D:3)
  2 dart slugs
  An orc (D:3)
  11 bats
  8 endoplasms
  4 giant cockroaches
  4 goblins
  A hobgoblin (D:2)
  2 jackals (D:1)
  3 quokkas
  5 ball pythons
  2 frilled lizards
  5 kobolds
  7 rats
65 creatures vanquished.

Notes
Turn   | Place    | Note
-------+----------+-------------------------------------------
     0 | D:1      | qw the Gargoyle Hexslinger began the quest for the Orb.
     0 | D:1      | Reached XP level 1. HP: 12/12 MP: 2/2
     0 | D:1      | 0 ||| qw: Version: 0.3-a-46-gb1f654a
     0 | D:1      | 0 ||| qw: Game counter: 2494
     0 | D:1      | 0 ||| qw: Melee chars always use a shield: true
     0 | D:1      | 0 ||| qw: God list: Okawaru
     0 | D:1      | 0 ||| qw: Allow faded altars: false
     0 | D:1      | 0 ||| qw: Do Orc after clearing Dungeon:15 true
     0 | D:1      | 0 ||| qw: Do second Lair branch before Depths: true
     0 | D:1      | 0 ||| qw: Lair rune preference: random
     0 | D:1      | 0 ||| qw: Goals: Normal
     0 | D:1      | 0 ||| PLANNING D:1-11
   104 | D:1      | Reached XP level 2. HP: 16/16 MP: 3/3
   350 | D:1      | 350 ||| UPGRADING to +0 ring mail.
   360 | D:1      | 360 ||| DROPPING +0 robe.
   361 | D:1      | 361 ||| UPGRADING to +0 helmet.
   366 | D:1      | 366 ||| READING scroll labelled TOUR LYWAI.
   367 | D:1      | 367 ||| READING scroll labelled UCOSANONUU.
   378 | D:1      | 378 ||| READING scroll labelled TUJALE ISEAPP.
   379 | D:1      | 379 ||| READING scroll labelled MECSUT HOCH.
   380 | D:1      | 380 ||| READING scroll labelled UWKEQU PUFI.
   381 | D:1      | 381 ||| DROPPING scroll of poison.
   401 | D:2      | 401 ||| STAIRDANCE
   404 | D:1      | Reached skill level 3 in Ranged Weapons
   426 | D:2      | 426 ||| STAIRDANCE
   590 | D:2      | Reached XP level 3. HP: 21/21 MP: 4/4
   593 | D:2      | Found a burning altar of Makhleb.
   870 | D:2      | Found Ibieczug's Antique Armour Boutique.
   873 | D:2      | 873 ||| SHOPLISTING embroidered cloak (120 gold, have 75).
   926 | D:2      | Reached skill level 1 in Armour
  1145 | D:2      | 1145 ||| UPGRADING to +0 pair of gloves.
  1150 | D:2      | 1150 ||| READING scroll labelled ATSYDI GEIPREE.
  1151 | D:2      | 1151 ||| READING scroll labelled ASOVICR VAJU.
  1152 | D:2      | 1152 ||| READING scroll labelled TIXIBO ROXYN.
  1260 | D:3      | Reached XP level 4. HP: 26/26 MP: 5/5
  1391 | D:3      | Reached skill level 4 in Ranged Weapons
  1639 | D:3      | Reached XP level 5. HP: 30/30 MP: 6/6
  1700 | D:3      | Identified the +2 chain mail "Subrorr" {Str+3}
  1750 | D:3      | 1750 ||| READING 5 scrolls labelled LAGIOD LO KAUMNEWK.
  1751 | D:3      | 1751 ||| READING scroll labelled EZE YHOUSEXA.
  1752 | D:3      | 1752 ||| DRINKING 2 brown potions.
  1753 | D:3      | 1753 ||| DRINKING 2 metallic purple potions.
  1857 | D:3      | 1857 ||| READING 4 scrolls of identify.
  1857 | D:3      | 1857 ||| IDENTIFYING murky silvery potion
  1858 | D:3      | 1858 ||| READING 3 scrolls of identify.
  1858 | D:3      | 1858 ||| IDENTIFYING clear potion
  1859 | D:3      | 1859 ||| READING 2 scrolls of identify.
  1859 | D:3      | 1859 ||| IDENTIFYING grey potion
  1860 | D:3      | 1860 ||| DROPPING potion of attraction.
  1861 | D:3      | 1861 ||| DROPPING potion of berserk rage.
  2047 | D:4      | Reached skill level 5 in Ranged Weapons
  2057 | D:4      | Reached skill level 3 in Fighting
  2057 | D:4      | Reached XP level 6. HP: 28/37 MP: 7/7
  2110 | D:4      | Demolished by an ogre

Levels and vault maps discovered:
D:1:      ebering_hopf_link, layout_rooms
D:2:      layout_basic, serial_shops, nicolae_shop_behind_doors, basic_altar
D:3:      minmay_octagon_keep, layout_basic
D:4:      layout_loops_ring

Skill      XL: |  1  2  3  4  5 |
---------------+----------------+-----
Ranged Weapons | 3 4 5 |  5.0
Fighting       | 2 3 |  3.2
Armour         | 1 |  1.4
Dodging        | |  1.5
Spellcasting   | |  1.0
Hexes          | |  2.6

Action                     |  1- 3 |  4- 6 || total
---------------------------+-------+-------++-------
   Fire: Sling             |   144 |   124 ||   268
    Use: Scroll            |     8 |     5 ||    13
         Potion            |       |     2 ||     2
 Armour: Robe              |     9 |       ||     9
         Ring mail         |    49 |    38 ||    87
  Dodge: Dodged            |    70 |    42 ||   112

Table legend:
 A = Non-vault XP
 B = Vault XP
 C = Vault XP percentage of total XP
 D = Non-vault monster count
 E = Vault monster count
 F = Vault count percentage of total count
                 A         B        C        D         E       F
            +---------+---------+-------+---------+---------+-------
      Total |     276 |      44 |  13.8 |      54 |      11 |  16.9
            +---------+---------+-------+---------+---------+-------
        D:1 |      23 |       0 |   0.0 |      14 |       0 |   0.0
        D:2 |      49 |       0 |   0.0 |      16 |       0 |   0.0
        D:3 |      86 |      44 |  33.8 |      17 |      11 |  39.3
        D:4 |     118 |       0 |   0.0 |       7 |       0 |   0.0
            +---------+---------+-------+---------+---------+-------
